 Dungeon Crawl Stone Soup version 0.17-a0-1840-g87820a2 (webtiles) character file.

31897 mcbry74 the Blocker (level 13, -10/177 (178) HPs)
             Began as a Hill Orc Fighter on Sept 16, 2015.
             Was an Elder of Beogh.
             Mangled by a dire flail of protection (11 damage)
             ... on level 2 of the Elven Halls.
             The game lasted 04:14:56 (13478 turns).

mcbry74 the Blocker (Hill Orc Fighter)             Turns: 13478, Time: 04:14:58

HP:   -10/177 (178) AC: 26    Str: 20    XL:     13   Next: 61%
MP:   27/28         EV:  2    Int: 13    God:    Beogh [****..]
Gold: 2145          SH:  0    Dex: 11    Spells: 0 memorised, 12 levels left

rFire  + . .     SeeInvis .     x - +0 war axe (flame)
rCold  + + .     Clarity  .     (armour currently unavailable)
rNeg   + + +     SustAt   .     j - +3 large shield
rPois  +         Gourm    .     (helmet currently unavailable)
rElec  +         Spirit   .     (cloak currently unavailable)
rCorr  +         Warding  .     (gloves currently unavailable)
rMut   .         NoTele   +     (boots currently unavailable)
MR     .....                    t - amulet of faith
Stlth  +.........               D - ring of the Iron Devil {rC+ rN+++ MP+9 Int+4 Stlth-}
                                d - ring of stealth

@: confused, tree-form, resistant, not resistant to hostile enchantments, very
unstealthy
A: (hooves 0), (horns 0), (large bone plates 0), (cold resistance 0), dopey 1,
(poison resistance), slow healing 1
a: Smiting, Recall Orcish Followers, Renounce Religion


You were on level 2 of the Elven Halls.
You worshipped Beogh.
Beogh was greatly pleased with you.
You were not hungry.
You were a tree.
You visited 3 branches of the dungeon, and saw 16 of its levels.
You also visited: Bailey.

You collected 2145 gold pieces.

Inventory:

Hand weapons
 x - a +0 war axe of flaming (weapon)
 E - a +2 hand axe of electrocution
 H - a +1 long sword of holy wrath
Missiles
 a - 9 tomahawks of returning
 f - 62 tomahawks (quivered)
Armour
 j - a +3 large shield (worn)
 K - the +7 plate armour "Woneadgh" (melded) {rN+ Regen+ rCorr Stlth-}
   (You found it on level 6 of the Dungeon)

   It protects you from negative energy.
   It increases your rate of regeneration.
   It protects you from acid and corrosion.
   It makes you less stealthy.
 O - a +2 pair of gloves of dexterity (melded)
Magical staves
 L - an uncursed staff of fire {unknown}
Jewellery
 b - an uncursed amulet of the gourmand
 c - an uncursed ring of magical power {unknown}
 d - a ring of stealth (left branch)
 t - an amulet of faith (around neck)
 D - the ring of the Iron Devil (right branch) {rC+ rN+++ MP+9 Int+4 Stlth-}
   (You found it on level 5 of the Dungeon)

   [ring of intelligence]

   It affects your intelligence (+4).
   It protects you from cold.
   It renders you almost immune to negative energy.
   It affects your magic capacity (+9).
   It makes you less stealthy.
 G - an uncursed ring of protection from cold {unknown}
 S - an uncursed ring of ice
Magical devices
 m - a wand of disintegration (15)
 n - a wand of cold (3)
 u - a wand of frost (41)
 A - a wand of slowing (19)
 I - a wand of draining (10)
 M - a wand of lightning (4)
 P - a wand of slowing (29)
Scrolls
 h - 4 scrolls of teleportation
 i - 2 scrolls of identify
 p - a scroll of fog
 q - 3 scrolls of blinking
 C - 3 scrolls of amnesia
 J - 7 scrolls of remove curse
 N - 2 scrolls of magic mapping
 Q - a scroll of recharging
Potions
 r - a potion of invisibility
 s - a potion of flight {unknown}
 F - 5 potions of curing {unknown}
 R - a potion of brilliance {unknown}
Books
 v - a book of Maledictions

   Spells                             Type                      Level
   a - Corona                         Hexes                        1
   b - Ensorcelled Hibernation        Hexes/Ice                    2
   c - Confuse                        Hexes                        3
   d - Tukima's Dance                 Hexes                        3
   e - Dazzling Spray                 Conjuration/Hexes            3
 y - a book of Party Tricks

   Spells                             Type                      Level
   a - Summon Butterflies             Summoning                    1
   b - Apportation                    Translocation                1
   c - Tukima's Dance                 Hexes                        3
   d - Alistair's Intoxication        Transmutation/Poison         4
   e - Invisibility                   Hexes                        6
Comestibles
 e - 8 bread rations
 g - 3 royal jellies
 l - 2 slices of pizza
 o - 5 meat rations
 z - 2 beef jerkies


   Skills:
 * Level 12.6 Fighting
 + Level 11.4 Axes
 * Level 10.2 Throwing
 + Level 9.6 Armour
 + Level 12.7 Shields
 + Level 9.2 Invocations
 + Level 0.4 Evocations


You had 12 spell levels left.
You didn't know any spells.

Dungeon Overview and Level Annotations

Branches:
Dungeon (10/15)            Temple (0/1) D:6             Orc (4/4) D:10
    Elf (2/3) Orc:3
   Lair: D:8-11

Altars:
Ashenzari
Elyvilon
Gozag
Nemelex Xobeh
Okawaru
Qazlal
Trog
Vehumet
Xom
Yredelemnul
Zin
Beogh

Shops:
D:5 [   D:7 (   D:8 (   Orc:4 %[:=   Elf:1 =

Portals:
Trove: D:10 (show abyssal rune of Zot)


Innate Abilities, Weirdness & Mutations

((You have large cloven feet.))
((You have a pair of small horns on your head.))
((You are partially covered in large bone plates (AC +2, SH +2).))
((Your flesh is cold resistant.))
You are dopey. (Int -2)
((Your system is resistant to poisons.))
You heal slowly when monsters are visible.


Message History

The bolt of lightning misses the antimagic short sword.
The bolt of lightning hits you! You resist.
* * * LOW HITPOINT WARNING * * *
The bolt of lightning hits you! You resist.
* * * LOW HITPOINT WARNING * * *
You're too confused!
Drink which item? (? for menu, Esc to quit)
It was a potion of lignification.
You turn into a tree.
Your +2 pair of gloves of dexterity melds into your body.
The +7 plate armour "Woneadgh" {rN+ Regen+ rCorr Stlth-} melds into your body.
You feel clumsy.
Your roots penetrate the ground.
The antimagic short sword stops burning.
The antimagic short sword hits you.
* * * LOW HITPOINT WARNING * * *
The dire flail of protection hits you but does no damage.
The flail of protection hits you but does no damage.
The antimagic short sword hits you but does no damage.
The dire flail of protection hits you!
You die...

....## ### #.....# #.#
##......# ##.# #......#
#..# #{....# #..####
##..e..##
#######.o§≈≈####{ee....##
#.4#...oo≈§≈≈§≈#(().....#
##...)...ooooooo♣((ee...##
....#....o≈≈≈§≈≈#()......#
########.o≈≈≈####e......##
#..#### ##..e..## #..#
#.....# ##.# #......# #.#
##......# ### #.....#
....#


You could see 2 deep elf conjurers, a deep elf priest, 4 deep elf fighters, 5
dancing weapons, a friendly orc knight, 7 friendly orc warriors, the friendly
Ognian the orc warrior (frenzied), a friendly orc priest and a friendly orc
wizard (invisible).

Vanquished Creatures
  Saint Roka (Orc:4)
  An orc warlord (Orc:4)
  2 dancing weapons (Elf:2)
  2 orc high priests (Orc:4)
  Sonja (Orc:4)
  A deep elf knight (Elf:1)
  An anubis guard (shapeshifter) (Elf:1)
  2 deep elf summoners
  Pikel (D:5)
  An orc knight (Orc:4)
  A death drake (shapeshifter) (Elf:1)
  3 orc sorcerers
  A deep elf conjurer (Elf:1)
  Maurice (D:9)
  3 trolls
  Grinder (D:3)
  A deep elf priest (Elf:2)
  Prince Ribbit (D:7)
  4 two-headed ogres
  Sigmund (D:3)
  A spriggan (D:9)
  2 deep elf magi (Elf:1)
  4 yaks (D:9)
  3 deep elf fighters (Elf:1)
  A steam dragon (D:10)
  An insubstantial wisp (D:10)
  Duvessa (D:7)
  5 sky beasts
  7 orc warriors
  7 ogres
  4 big kobolds
  2 centaurs
  2 giant frogs
  Dowan (D:7)
  A water moccasin zombie (D:4)
  2 scorpions
  5 killer bees (D:9)
  4 wights (D:7)
  2 crimson imps
  3 centaur zombies
  4 hounds
  4 iguanas
  9 orc wizards
  10 orc priests
  3 giant frog skeletons
  2 jellies
  Terence (D:2)
  A gnoll shaman (D:10)
  A quasit (D:7)
  8 worker ants
  2 hound zombies (D:5)
  Robin (D:2)
  5 adders
  13 gnolls
  2 shadow imps
  An ooze (D:3)
  2 adder zombies (D:5)
  An adder skeleton (D:10)
  2 worms
  4 giant geckos
  43 orcs
  A ball python (D:5)
  11 bats
  6 giant cockroaches
  19 goblins
  16 hobgoblins
  24 kobolds
  3 quokkas
  6 jackals
  6 rats
299 creatures vanquished.

Vanquished Creatures (collateral kills)
  Rupert (Orc:2)
  Snorg (Orc:4)
  A vault guard (D:10)
  Fannar (Orc:2)
  7 dancing weapons (Elf:2)
  An orc high priest (Orc:4)
  A deep elf knight (Elf:1)
  3 deep elf summoners
  2 hill giants (D:10)
  2 deep elf conjurers (Elf:1)
  An orc knight (Orc:4)
  2 orc sorcerers (Orc:4)
  A two-headed ogre (Orc:4)
  3 trolls
  4 deep elf fighters (Elf:1)
  A hippogriff (D:10)
  An insubstantial wisp (D:10)
  3 wargs (Orc:4)
  An ice beast (D:9)
  A black bear (D:10)
  A wasp (D:8)
  14 orc warriors
  A centaur (D:10)
  A crocodile (D:10)
  15 ogres
  A scorpion (D:9)
  A killer bee (D:9)
  A worker ant (D:9)
  7 orc priests
  6 orc wizards
  2 gnolls (D:10)
  2 adders
  55 orcs
  3 kobolds
  2 fungi (Elf:2)
150 creatures vanquished.

Vanquished Creatures (others)
  3 orc high priests
  2 orc knights (Elf:2)
  An orc sorcerer (Orc:4)
  A deep elf mage (Elf:1)
  15 orc warriors
  9 orc wizards
  A hound (D:4)
  9 orc priests
  An adder (D:4)
  157 orcs
199 creatures vanquished.

Grand Total: 648 creatures vanquished

Notes
Turn   | Place    | Note
--------------------------------------------------------------
     0 | D:1      | mcbry74 the Hill Orc Fighter began the quest for the Orb.
     0 | D:1      | Reached XP level 1. HP: 19/19 MP: 1/1
   221 | D:1      | Reached XP level 2. HP: 24/27 MP: 2/2
   287 | D:1      | Reached skill level 4 in Fighting
   381 | D:1      | Reached XP level 3. HP: 24/33 MP: 3/3
   954 | D:2      | Noticed Terence
   976 | D:2      | Killed Terence
   976 | D:2      | Reached XP level 4. HP: 37/41 MP: 4/4
  1223 | D:3      | Noticed Robin
  1226 | D:3      | Noticed Sigmund
  1497 | D:2      | Killed Robin
  1534 | D:3      | Killed Sigmund
  1534 | D:3      | Reached skill level 5 in Fighting
  1534 | D:3      | Reached skill level 1 in Throwing
  1534 | D:3      | Reached skill level 5 in Shields
  1534 | D:3      | Reached XP level 5. HP: 45/48 MP: 5/5
  1534 | D:3      | Reached XP level 6. HP: 52/56 MP: 6/6
  1597 | D:3      | Noticed a sky beast
  1622 | D:3      | Killed a sky beast
  1928 | D:3      | Found a stormy altar of Qazlal.
  2021 | D:3      | Noticed Grinder
  2065 | D:3      | Paralysed by Grinder for 3 turns
  2073 | D:3      | Killed Grinder
  2073 | D:3      | Reached XP level 7. HP: 58/62 MP: 7/7
  2652 | D:4      | Reached skill level 6 in Shields
  2695 | D:4      | Became a worshipper of Beogh the Brigand
  2709 | D:4      | Reached skill level 5 in Axes
  2904 | D:4      | Found a glowing silver altar of Zin.
  3108 | D:4      | Reached XP level 8. HP: 70/70 MP: 8/8
  3112 | D:4      | Gained mutation: Your flesh is cold resistant. [mutagenic meat]
  3113 | D:4      | Gained mutation: You are clumsy. (Dex -2) [mutagenic meat]
  3114 | D:4      | Gained mutation: You are partially covered in large bone plates (AC +2, SH +2). [mutagenic meat]
  3115 | D:4      | Gained mutation: You have a pair of small horns on your head. [mutagenic meat]
  3116 | D:4      | Gained mutation: You are dopey. (Int -2) [mutagenic meat]
  3125 | D:4      | Gained mutation: You heal slowly when monsters are visible. [potion of mutation]
  3125 | D:4      | Lost mutation: You are clumsy. (Dex -2) [potion of mutation]
  3230 | D:5      | Entered Level 5 of the Dungeon
  3272 | D:5      | Found a bloodstained altar of Trog.
  3326 | D:5      | Got a faintly glowing brass ring
  3447 | D:5      | Acquired Beogh's first power
  3605 | D:5      | Found a sparkling altar of Nemelex Xobeh.
  3652 | D:5      | Reached skill level 5 in Armour
  3685 | D:5      | Reached skill level 7 in Shields
  3696 | D:5      | Identified the ring of the Iron Devil {rC+ rN+++ MP+9 Int+4 Stlth-} (You found it on level 5 of the Dungeon)
  3724 | D:5      | Noticed Pikel
  3736 | D:5      | Killed Pikel
  3736 | D:5      | Reached XP level 9. HP: 72/79 MP: 9/9
  3751 | D:5      | Found an iron altar of Okawaru.
  3751 | D:5      | Found a radiant altar of Vehumet.
  3830 | D:5      | Found Voxta's Armour Shop.
  4443 | D:6      | Found a staircase to the Ecumenical Temple.
  4496 | D:6      | Acquired Beogh's second power
  4818 | D:6      | Found an opulent altar of Gozag.
  4821 | D:6      | Got a dazzling plate armour
  4822 | D:6      | Identified the +7 plate armour "Woneadgh" {rN+ Regen+ rCorr Stlth-} (You found it on level 6 of the Dungeon)
  4908 | D:6      | Reached skill level 8 in Shields
  5475 | D:7      | Found Loxicwiy's Antique Weapon Boutique.
  5479 | D:7      | Found a shimmering altar of Xom.
  5575 | D:7      | Found a white marble altar of Elyvilon.
  5615 | D:7      | Reached skill level 5 in Throwing
  5647 | D:7      | Found a basalt altar of Yredelemnul.
  5667 | D:7      | Noticed Prince Ribbit
  5685 | D:7      | Acquired Beogh's third power
  5698 | D:7      | Killed Prince Ribbit
  5798 | D:7      | Noticed Dowan
  5799 | D:7      | Noticed Duvessa
  5810 | D:7      | Killed Duvessa
  5822 | D:7      | Killed Dowan
  6122 | D:8      | Found a shattered altar of Ashenzari.
  6163 | D:8      | Reached skill level 9 in Shields
  6172 | D:8      | Reached XP level 10. HP: 86/89 MP: 10/10
  6270 | D:8      | Found Ydanorok's Antique Weapon Shop.
  6655 | D:8      | Reached skill level 1 in Invocations
  6708 | D:8      | Acquired Beogh's fourth power
  6839 | D:9      | Noticed Maurice
  6847 | D:9      | Killed Maurice
  7649 | D:10     | Entered Level 10 of the Dungeon
  7649 | D:10     | Found a flagged portal.
  7652 | D:10     | Reached skill level 10 in Shields
  7656 | Bailey   | Entered a bailey
  7775 | D:10     | Found a roughly hewn altar of Beogh.
  7868 | D:10     | Reached XP level 11. HP: 93/97 MP: 12/12
  7900 | D:10     | Gained Grimold as an ally
  8082 | D:10     | Gained mutation: Your system is resistant to poisons. [mutagenic meat]
  8083 | D:10     | Gained mutation: You have large cloven feet. [mutagenic meat]
  8114 | D:10     | Found a staircase to the Orcish Mines.
  8114 | D:10     | Noticed a hill giant
  8123 | D:10     | Acquired Beogh's fifth power
  8125 | D:10     | Killed a hill giant
  8160 | D:10     | Noticed a hill giant
  8169 | D:10     | Killed a hill giant
  8169 | D:10     | Reached skill level 10 in Fighting
  8437 | D:10     | Noticed a vault guard
  8444 | D:10     | Killed a vault guard
  8449 | D:10     | Found a portal to a secret trove of treasure.
  8510 | Orc:1    | Entered Level 1 of the Orcish Mines
  8700 | Orc:1    | Found a bloodstained altar of Trog.
  9105 | Orc:2    | Noticed Rupert
  9118 | Orc:2    | Killed Rupert
  9118 | Orc:2    | Reached skill level 11 in Shields
  9389 | Orc:2    | Noticed Fannar
  9414 | Orc:2    | Killed Fannar
 10172 | Orc:3    | Found a staircase to the Elven Halls.
 10388 | Orc:3    | Gained Herok as an ally
 10452 | Orc:4    | Entered Level 4 of the Orcish Mines
 10484 | Orc:4    | Noticed Saint Roka
 10498 | Orc:4    | Reached skill level 10 in Axes
 10499 | Orc:4    | Your ally Herok died
 10502 | Orc:4    | Killed Saint Roka
 10502 | Orc:4    | Reached skill level 5 in Invocations
 10502 | Orc:4    | Reached XP level 12. HP: 39/110 MP: 11/15
 10693 | Orc:4    | Noticed Snorg
 10700 | Orc:4    | Killed Snorg
 10865 | Orc:4    | Paralysed by an orc sorcerer for 5 turns
 11322 | Orc:4    | Found a roughly hewn altar of Beogh.
 11336 | Orc:4    | Noticed an orc knight
 11336 | Orc:4    | Noticed an orc knight
 11339 | Orc:4    | Gained Bogrim as an ally
 11346 | Orc:4    | Killed an orc knight
 11501 | Orc:4    | Found Keute's Food Emporium.
 11557 | Orc:4    | Found Hoehain's Armour Shoppe.
 11562 | Orc:4    | Paralysed by an orc sorcerer for 3 turns
 11691 | Orc:4    | Noticed an orc knight
 11698 | Orc:4    | Killed an orc knight
 11698 | Orc:4    | Reached skill level 12 in Shields
 11768 | Orc:4    | Noticed an orc warlord
 11770 | Orc:4    | Found a roughly hewn altar of Beogh.
 11778 | Orc:4    | Killed an orc warlord
 11805 | Orc:4    | Found Xyxieg's Jewellery Shoppe.
 11805 | Orc:4    | Noticed an orc high priest
 11815 | Orc:4    | Killed an orc high priest
 11815 | Orc:4    | Gained Ognian as an ally
 11856 | Orc:4    | Noticed an orc high priest
 11858 | Orc:4    | Noticed an orc high priest
 11858 | Orc:4    | Gained Brandogh as an ally
 11868 | Orc:4    | an orc high priest (ally) was killed
 11908 | Orc:4    | Noticed an orc high priest
 11908 | Orc:4    | Noticed Sonja
 11909 | Orc:4    | Noticed an orc high priest
 11911 | Orc:4    | Killed Sonja
 11915 | Orc:4    | Killed an orc high priest
 11915 | Orc:4    | Reached XP level 13. HP: 45/117 MP: 11/18
 11921 | Orc:4    | Killed an orc high priest
 12083 | Orc:4    | Noticed an orc high priest
 12087 | Orc:4    | Found Irueg's Book Emporium.
 12090 | Orc:4    | an orc high priest (ally) was killed
 12506 | Elf:1    | Entered Level 1 of the Elven Halls
 12728 | Elf:1    | Reached skill level 10 in Throwing
 12803 | Elf:1    | Found Ufazomua's Jewellery Emporium.
 13441 | Elf:2    | Found a huge runed gate.
 13441 | Elf:2    | Found a huge runed gate.
 13441 | Elf:2    | Found a huge runed gate.
 13472 | Elf:2    | Your ally Grimold died
 13476 | Elf:2    | an orc high priest (ally) was killed
 13477 | Elf:2    | HP: 1/118 [deep elf conjurer/bolt of lightning (5)]
 13478 | Elf:2    | Mangled by a dire flail of protection

Vault maps used:
D:1:      dpeg_arrival_chambers_temple_mockup
D:2:      uniq_terence
D:3:      lemuel_round_altar, first_bread, uniq_robin, uniq_sigmund,
          uniq_grinder
D:4:      kennysheep_mini_moat
D:5:      nemelex_deck, lightli_temple_of_fire, gammafunk_temple_overflow_wave,
          serial_shops, shop, uniq_pikel
D:6:      corexii_shantytown, nicolae_overflow_crystal_walls,
          minmay_temple_entry_junction, hangedman_abyss_or_decor_stagger
D:7:      yredelemnul_altar_generic, elyvilon_altar_1, lemuel_crystal_altar,
          serial_shops, shop, serial_aquarium, aquarium_bridge_straight,
          aquarium_window_corridor_1, aquarium_window_fake, aquarium_view_2a,
          uniq_crazy_yiuf_cottage, uniq_duvessa, uniq_prince_ribbit1
D:8:      minmay_goldmine, ashenzari_altar_1, serial_shops, shop
D:9:      the_bakery, uniq_maurice
D:10:     david_orc_2, enter_bailey_1, enter_trove_5, hangedman_misty_isle
Orc:1:    basic_altar
Orc:2:    uniq_fannar, uniq_rupert
Orc:3:    nicolae_orc_pool_cavern
Orc:4:    pubby_orc_utopia, uniq_snorg, uniq_saint_roka, uniq_sonja
Elf:1:    eino_elf_arrival_sip, serial_shops, nicolae_shop_trees,
          evilmike_minifort
Bailey:   bailey_axe_minmay_hex_keep, bailey

Action                   |  1- 3 |  4- 6 |  7- 9 | 10-12 | 13-15 || total
-------------------------+-------+-------+-------+-------+-------++-------
Melee: War axe           |   149 |   117 |   213 |   189 |    88 ||   756
       Hand axe          |       |       |   209 |   167 |       ||   376
Throw: Stone             |       |     2 |    18 |       |       ||    20
       Tomahawk          |       |       |    53 |    20 |     4 ||    77
Invok: Convert to Beogh  |       |       |     1 |       |       ||     1
       Smiting           |       |       |     2 |    36 |    18 ||    56
       Recall Orcish Fol |       |       |       |     4 |     1 ||     5
       Give Item to Name |       |       |       |     4 |       ||     4
Evoke: Wand              |       |       |     2 |     1 |       ||     3
  Use: Potion            |       |     3 |     6 |     3 |     2 ||    14
       Scroll            |       |     9 |    10 |     9 |       ||    28
 Stab: Invisible         |       |       |     1 |       |       ||     1
       Distracted        |       |       |     1 |     8 |     1 ||    10
  Eat: Chunk             |       |     4 |    16 |     7 |     8 ||    35
       Bread ration      |       |       |     2 |     4 |       ||     6
       Pizza             |       |       |     1 |       |       ||     1
